 Dungeon Crawl Stone Soup version 0.19.1 (webtiles) character file.

161 Menchi the Sneak (level 5, -2/31 HPs)
             Began as a Tengu Assassin on Dec 12, 2016.
             Was an Initiate of Dithmenos.
             Slain by Aksej's ghost (5 damage)
             ... on level 3 of the Dungeon.
             The game lasted 00:17:30 (2748 turns).

Menchi the Sneak (Tengu Assassin)                   Turns: 2748, Time: 00:17:30

Health: -2/31      AC:  4    Str: 15    XL:     5   Next: 42%
Magic:  0/6        EV: 13    Int: 12    God:    Dithmenos [......]
Gold:   101        SH:  0    Dex: 16    Spells: 0 memorised, 4 levels left

rFire  . . .     SeeInvis .     a - +3 dagger
rCold  . . .     Gourm    .     c - +0 robe
rNeg   . . .     Faith    .     (no shield)
rPois  .         Spirit   +     (helmet restricted)
rElec  .         Reflect  .     d - +1 cloak
rCorr  .         Harm     .     (no gloves)
MR     .....                    (boots unavailable)
Stlth  ++++......               k - amulet of guardian spirit
                                n - +4 ring of strength
                                h - ring of stealth

@: no status effects
A: beak, talons 3, able to fly 1
a: Fly, Renounce Religion


You were on level 3 of the Dungeon.
You worshipped Dithmenos.
Dithmenos was noncommittal.
You were not hungry.

You visited 1 branch of the dungeon, and saw 3 of its levels.

You collected 101 gold pieces.

Inventory:

Hand Weapons
 a - a +3 dagger (weapon)
 b - a +0 blowgun
 m - a cursed -1 short sword
Missiles
 e - 8 poisoned needles
 f - 2 curare-tipped needles
Armour
 c - a +0 robe (worn)
 d - a +1 cloak (worn)
Jewellery
 h - a ring of stealth (left hand)
 k - an amulet of guardian spirit (around neck)
 n - a +4 ring of strength (right hand)
Scrolls
 i - 2 scrolls of identify
 l - a scroll of noise
Potions
 o - a potion of beneficial mutation {unknown}
 p - a potion of haste {unknown}
 s - a potion of might {unknown}
 t - a potion of magic {unknown}
Comestibles
 g - 2 bread rations


   Skills:
 + Level 2.3 Fighting
 + Level 3.8 Short Blades
 - Level 2.0 Throwing
 + Level 2.1 Dodging
 + Level 5.5 Stealth


You had 4 spell levels left.
You didn't know any spells.

Dungeon Overview and Level Annotations

Branches:
Dungeon (3/15)

Altars:
Dithmenos

Annotations:
D:3 Aksej's ghost, amateur DsGl


Innate Abilities, Weirdness & Mutations

You have a beak for a mouth.
You have claws for feet.
You can fly.


Message History

The jackal is moderately wounded.
The jackal barely misses you. Aksej's ghost hits you!
* * * LOW HITPOINT WARNING * * *
You hit the jackal. You claw the jackal, but do no damage.
The jackal is almost dead.
The jackal bites you.
* * * LOW HITPOINT WARNING * * *
You hit the jackal.
You kill the jackal!
Dithmenos accepts your kill. Aksej's ghost barely misses you.
You see here a jackal corpse.
As you read the scroll labeled MYNOLO KURCHOS, it crumbles to dust.
It is a scroll of enchant armour.
Your +0 cloak glows green for a moment.
Aksej's ghost misses you.
You float gracefully downwards.
As you read the scroll labeled KASHEG DYCW, it crumbles to dust.
You feel blessed for a moment.
It was a scroll of remove curse.
Aksej's ghost hits you!
You die...

....# #≈≈≈.... ....#
#≈≈....
....#########≈≈..#####
.......(...##≈≈..#.).####
##########.#≈≈≈.)'...)..#
#.#≈≈≈..#...#..#
#.≈≈#########..#
#(≈≈#......†...#
#...'..@W..†.†.#
#...'..........#
#...'..........#
##≈≈#..........#
#≈≈#########..# ##≈≈
#.... #≈≈≈ ..... ##≈≈.
.....


You could see Aksej's ghost.

Vanquished Creatures
  Terence (D:2)
  Natasha (D:2)
  3 adders
  A worm (D:2)
  3 dart slugs
  3 leopard geckos
  An orc (D:3)
  A giant cockroach (D:3)
  12 goblins
  7 hobgoblins
  8 jackals
  13 kobolds
  A ball python (D:3)
  5 bats
  A frilled lizard (D:2)
  10 rats
71 creatures vanquished.

Notes
Turn   | Place    | Note
-------+----------+-------------------------------------------
     0 | D:1      | Menchi the Tengu Assassin began the quest for the Orb.
     0 | D:1      | Reached XP level 1. HP: 12/12 MP: 2/2
   147 | D:1      | Reached XP level 2. HP: 16/17 MP: 3/3
   507 | D:2      | Reached XP level 3. HP: 20/21 MP: 4/4
   618 | D:2      | Noticed Terence
   619 | D:2      | Noticed Natasha
   652 | D:2      | Killed Terence
   786 | D:2      | Found a shadowy altar of Dithmenos.
   788 | D:2      | Reached skill level 5 in Stealth
   788 | D:2      | Reached XP level 4. HP: 17/26 MP: 2/5
   947 | D:2      | Became a worshipper of Dithmenos the Shadowed
  1702 | D:2      | Killed Natasha
  1702 | D:2      | Gained mutation: You can fly. [Tengu growth]
  1702 | D:2      | Reached XP level 5. HP: 7/30 MP: 1/6
  2694 | D:3      | Noticed Aksej's ghost (amateur DsGl)
  2748 | D:3      | Slain by Aksej's ghost

Skill      XL: |  1  2  3  4  5 |
---------------+----------------+-----
Short Blades   | 3 |  3.8
Stealth        | 5 |  5.5
Dodging        | 2 |  2.1
Fighting       | |  2.3
Throwing       | |  2.0

Action                   |  1- 3 |  4- 6 || total
-------------------------+-------+-------++-------
Melee: Dagger            |    64 |   135 ||   199
       Kick              |    11 |    28 ||    39
       Peck              |     7 |    22 ||    29
 Abil: Fly               |       |     1 ||     1
  Use: Scroll            |     4 |     3 ||     7
       Potion            |     1 |       ||     1
 Stab: Distracted        |     1 |     1 ||     2
       Sleeping          |     7 |     9 ||    16
  Eat: Chunk             |       |     6 ||     6
Armor: Robe              |     9 |    14 ||    23
Dodge: Dodged            |    24 |    61 ||    85
